 Dungeon Crawl Stone Soup version 0.17.1-3-g152610e (webtiles) character file.

123706 juanjsm the Imperceptible (level 16, -16/81 HPs)
             Began as a Spriggan Enchanter on Mar 28, 2016.
             Was the Champion of Ashenzari.
             Killed by the raging water
             ... invoked by a water nymph
              (33 damage)
             ... on level 2 of the Shoals.
             The game lasted 06:27:48 (34097 turns).

juanjsm the Imperceptible (Spriggan Enchanter)     Turns: 34097, Time: 06:27:48

Health: -16/81     AC:  7    Str:  4    XL:     16   Next: 37%
Magic:  26/35      EV: 33    Int: 24    God:    Ashenzari [******]
Gold:   1447       SH: 12    Dex: 20    Spells: 13 memorised, 2 levels left

rFire  + . .     SeeInvis +     F - +1 dagger (speed) (curse)
rCold  + . .     Clarity  +     K - +2 robe {MR+} (curse)
rNeg   . . .     SustAt   .     p - +3 buckler {rC+ rF+} (curse)
rPois  .         Gourm    .     (helmet restricted)
rElec  .         Spirit   .     Y - +2 cloak (curse)
rCorr  .         Warding  .     (gloves unavailable)
rMut   .         Stasis   .     (boots unavailable)
MR     ++++.                    (no amulet)
Stlth  ++++++....               o - ring of protection from magic (curse)
                                Z - ring of flight (curse)

@: repel missiles, very quick, incredibly resistant to hostile enchantments,
very stealthy
A: unfitting armour, see invisible, agile 2, herbivore 3, speed 3, mutation
resistance 1, slow metabolism 2
a: Scrying, Transfer Knowledge, Renounce Religion, Evoke Flight


You were on level 2 of the Shoals.
You worshipped Ashenzari.
Ashenzari was exalted by your worship.
You were not hungry.

You visited 5 branches of the dungeon, and saw 30 of its levels.
You also visited: Labyrinth.

You collected 3016 gold pieces.
You spent 1569 gold pieces at shops.

Inventory:

Hand Weapons
 F - a cursed +1 dagger of speed (weapon)
Armour
 p - a cursed +3 buckler of resistance (worn)
 K - a cursed +2 robe of magic resistance (worn)
 Y - a cursed +2 cloak (worn)
Rods
 h - a +4 rod of shadows (11/11)
   (You found it in a labyrinth)
Jewellery
 i - an uncursed amulet of regeneration
 l - an uncursed ring of magical power
 o - a cursed ring of protection from magic (right hand)
 Z - a cursed ring of flight (left hand)
Wands
 a - a wand of fireball (13)
 c - a wand of flame (26)
 d - a wand of flame (29)
 m - a wand of fireball (12)
 t - a wand of draining (8)
 x - a wand of polymorph (9)
 A - a wand of fire (4)
 B - a wand of paralysis (9)
 C - a wand of enslavement (9)
 E - a wand of teleportation (9)
 G - a wand of cold (9)
 N - a wand of digging (13)
 S - a wand of teleportation (4)
 T - a wand of fire (8)
 V - a wand of cold (7)
 W - a wand of fireball (0)
Scrolls
 e - 13 scrolls of teleportation
 g - 7 scrolls of identify
 r - 8 scrolls of fear
 s - 4 scrolls of curse jewellery
 v - 4 scrolls of fog
 z - 4 scrolls of magic mapping
 H - 4 scrolls of blinking
 P - a scroll of recharging
 U - a scroll of amnesia
 X - 7 scrolls of remove curse
Potions
 b - a potion of magic
 f - 4 potions of heal wounds
 j - 6 potions of lignification
 k - 12 potions of curing
 q - 2 potions of might
 u - 2 potions of flight
 D - 5 potions of brilliance
 J - 4 potions of berserk rage
 O - 5 potions of cancellation
Miscellaneous
 M - a phantom mirror
 R - a phial of floods
Comestibles
 n - 13 bread rations
 w - 10 fruits


   Skills:
 * Level 8.1 Fighting
 + Level 8.2(12.6) Short Blades
 * Level 13.1(15.7) Dodging
 * Level 21.6(23.7) Stealth
 - Level 6.6(9.7) Shields
 * Level 14.8 Spellcasting
 + Level 3.0(5.6) Conjurations
 * Level 13.2(15.8) Hexes
 * Level 6.2(9.3) Necromancy
 + Level 1.3(3.2) Translocations
 + Level 0.4(1.5) Fire Magic
 + Level 4.2(7.1) Ice Magic
 + Level 1.9(4.1) Air Magic
 + Level 1.5(3.5) Poison Magic
 + Level 0.6(2.0) Evocations


You had 2 spell levels left.
You knew the following spells:

 Your Spells              Type           Power        Failure   Level  Hunger
a - Corona                Hex            #######      0%          1    None
b - Ensorcelled Hibernat  Hex/Ice        ######       1%          2    None
c - Confuse               Hex            #######.     0%          3    None
d - Dazzling Spray        Conj/Hex       ######..     1%          3    None
e - Invisibility          Hex            #######.     1%          6    ####...
f - Regeneration          Chrm/Necr      #####.....   1%          3    None
g - Repel Missiles        Chrm/Air       ####..       1%          2    None
h - Mephitic Cloud        Conj/Pois/Air  #####...     1%          3    None
i - Blink                 Tloc           N/A          1%          2    None
j - Conjure Flame         Conj/Fire      #####...     2%          3    None
k - Silence               Hex/Air        ######....   1%          5    ##.....
l - Animate Dead          Necr           N/A          1%          4    None
m - Warp Weapon           Chrm/Tloc      ####......   41%         5    ##.....


Dungeon Overview and Level Annotations

Branches:
Dungeon (15/15)            Temple (1/1) D:5            Lair (8/8) D:11
 Shoals (2/4) Lair:4       Spider (0/4) Lair:4        Slime (0/6) Lair:7
    Orc (4/4) D:11            Elf (0/3) Orc:4        Vaults (0/5) D:14
 Depths (0/5) D:15

Altars:
Ashenzari
Cheibriados
Dithmenos
Elyvilon
Fedhas
Gozag
Kikubaaqudgha
Makhleb
Nemelex Xobeh
Okawaru
Qazlal
Ru
Sif Muna
Trog
Vehumet
Xom
Yredelemnul
Zin
The Shining One
Beogh
Jiyva

Shops:
D:7 (   Orc:4 ??%:%

Portals:
Hell: Lair:8

Annotations:
D:15 exclusion: Roxanne, Roxanne


Innate Abilities, Weirdness & Mutations

You are tiny and cannot use many weapons and most armour.
You have supernaturally acute eyesight.
You are a herbivore.
You cover ground extremely quickly.
You need consume almost no food.
You are very agile. (Dex +4)
You are somewhat resistant to further mutation.


Message History

You hit the water nymph but do no damage.
The water nymph is almost dead.
You hit the water nymph but do no damage.
The water nymph is almost dead.
You block the water nymph's attack.
Splash!
You fall into the shallow water.
Moving in this stuff is going to be slow.
Splash!
You fall into the shallow water.
Moving in this stuff is going to be slow.
You block the water nymph's attack. The water nymph closely misses you.
The water nymph touches you. The water nymph drowns you!
* * * LOW HITPOINT WARNING * * *
The water nymph completely misses you. You block the water nymph's attack.
The water nymph gestures at you while chanting.
The water swirls and strikes you!
You die...

≈≈≈≈≈...≈≈..≈≈≈≈≈≈.≈≈..≈≈≈≈ ≈
≈≈≈≈≈..≈≈.≈≈≈≈≈≈≈≈......≈≈≈ ≈
*
≈≈≈≈..≈.....≈≈≈≈≈......≈≈≈≈≈≈
* ≈≈≈≈≈..≈.P.........., ,
≈≈≈≈≈ *≈≈≈≈≈≈≈≈.......P.P.# ,,
≈ ≈ ≈≈≈≈≈≈≈≈>≈...P.P..P##,
≈≈≈≈≈≈ * ≈≈≈≈≈{≈.≈###....P.P.
≈≈≈≈≈≈≈ ≈≈≈≈≈≈...# ##..PP...
≈≈ ≈≈≈≈≈ *
≈≈≈≈≈≈..≈###@.≈PP..., ≈≈≈≈≈
≈≈≈≈≈≈..≈<≈#m.≈≈≈≈..≈≈≈≈≈≈≈≈≈
*≈≈≈≈≈≈≈≈P.≈≈P..P≈P≈P≈≈
≈≈≈≈≈≈≈ *
≈≈≈≈≈≈≈.>.....≈≈≈≈≈≈≈≈≈≈≈≈≈≈≈
≈≈≈≈≈≈≈≈≈..P.≈P≈≈≈≈≈≈≈≈≈≈≈≈≈≈≈
*
≈≈≈≈≈≈P≈PPP≈PP≈≈≈≈≈≈≈≈≈≈≈≈≈≈≈
*
≈≈≈≈≈≈≈≈≈P≈≈≈≈≈≈≈≈≈≈≈≈≈≈≈≈≈≈≈
*
≈≈≈≈≈≈≈≈≈≈≈≈≈≈≈≈≈≈≈≈≈≈≈≈≈≈≈≈≈
≈≈≈≈≈≈≈≈≈≈≈≈≈≈≈≈≈≈≈≈≈≈≈≈≈≈≈≈≈≈


You could see a water nymph.

Vanquished Creatures
  Rupert (Lair:8)
  Donald (D:14)
  Maud (Orc:3)
  Louise (D:15)
  Nessos (Lair:5)
  A dire elephant (Lair:8)
  Snorg (D:12)
  A minotaur (Lab)
  Josephine (D:11)
  2 rakshasas
  A hell beast (Lair:8)
  Erolcha (Orc:3)
  7 hydras
  A merfolk avatar (Shoals:2)
  3 centaur warriors (D:14)
  9 death yaks
  4 ogre magi (Orc:4)
  4 tengu warriors
  Sonja (D:11)
  4 unseen horrors
  A skeletal warrior (D:14)
  6 sea snakes
  A giant orange brain (D:15)
  A wizard (Lair:8)
  3 harpies (Shoals:1)
  A deep elf conjurer (D:15)
  2 flayed ghosts (D:15)
  An orc knight (Orc:1)
  An orc sorcerer (Orc:2)
  5 hill giants
  5 griffons
  2 cyclopes
  A wolf spider (D:15)
  10 manticores
  A siren (Shoals:2)
  A water nymph (Shoals:2)
  17 ugly things
  A faun (Shoals:2)
  19 elephants
  Maurice (Orc:1)
  5 black mambas
  11 spiny frogs
  3 molten gargoyles
  5 orange demons (Lair:8)
  3 kobold demonologists
  A fire drake (shapeshifter) (D:15)
  An efreet (D:14)
  The ghost of kaze the Shield-Bearer, a novice GrFi (D:6)
  A tengu conjurer (D:15)
  A yaktaur (D:14)
  A hellwing (Lair:8)
  3 blue devils (Lair:8)
  8 komodo dragons
  2 red devils (Lair:8)
  A wind drake (Shoals:1)
  2 trolls
  6 fire drakes
  Grinder (D:3)
  20 two-headed ogres
  6 merfolk
  8 slime creatures
  A trapdoor spider zombie (D:10)
  26 blink frogs
  A boulder beetle (Lair:8)
  3 snapping turtles
  Sigmund (D:3)
  2 spriggans
  3 shadows
  28 yaks
  2 trapdoor spiders (Lab)
  A hog (shapeshifter) (D:15)
  4 deep elf magi
  A water elemental (Shoals:2)
  4 wraiths (D:11)
  A fire elemental (Lair:6)
  3 steam dragons
  3 wyverns
  16 humans (D:14)
  3 hungry ghosts
  3 basilisks
  6 wargs
  4 fire bats (D:13)
  2 mottled dragons
  11 hippogriffs
  14 water moccasins
  15 wolves
  Edmund (D:4)
  2 wasps
  10 porcupines
  An eye of draining (D:13)
  A swamp drake (Lair:4)
  4 phantoms
  A necrophage (D:10)
  3 ice beasts
  11 orc warriors
  4 sky beasts
  A hell hound (D:13)
  14 centaurs
  16 crocodiles
  38 ogres
  16 giant frogs
  7 big kobolds
  6 scorpions
  A wyvern skeleton (D:8)
  A wyvern zombie (D:11)
  A water moccasin skeleton (D:9)
  6 killer bees
  2 troll skeletons (Lab)
  8 lava snakes
  2 electric eels
  A quasit (D:12)
  A giant frog zombie (D:6)
  5 centaur skeletons
  3 centaur zombies
  7 crimson imps
  4 hounds
  2 jellies
  22 orc priests
  Ijyb (D:3)
  A giant frog skeleton (D:10)
  10 iguanas
  24 orc wizards
  Terence (D:2)
  30 sheep
  9 worker ants
  2 hound zombies
  A mummy (D:9)
  A hound skeleton (D:5)
  9 gnolls
  Robin (D:2)
  A worker ant zombie (D:7)
  8 adders
  54 river rats
  3 shadow imps
  12 white imps (Lair:6)
  2 oozes
  An adder skeleton (D:7)
  3 worms
  6 giant geckos
  167 orcs
  6 bats
  3 giant cockroaches
  21 goblins
  11 hobgoblins
  13 kobolds
  5 quokkas
  A ball python skeleton (D:4)
  3 giant newts
  5 jackals
  A quokka skeleton (D:9)
  8 rats
  A fire vortex (D:13)
  A fungus (D:11)
1002 creatures vanquished.

Vanquished Creatures (collateral kills)
  A griffon (Lair:7)
  A black mamba (Lair:7)
  A spiny frog (Lair:7)
  A blink frog (Lair:5)
  A basilisk (Lair:5)
  Grum (D:10)
  A water moccasin (Lair:5)
  2 sheep (Lair:5)
9 creatures vanquished.

Vanquished Creatures (others)
  An ogre (Orc:4)
  An orc (Orc:2)
  2 fungi
  2 plants
6 creatures vanquished.

Grand Total: 1017 creatures vanquished

Notes
Turn   | Place    | Note
--------------------------------------------------------------
     0 | D:1      | juanjsm the Spriggan Enchanter began the quest for the Orb.
     0 | D:1      | Reached XP level 1. HP: 9/9 MP: 5/5
   226 | D:1      | Reached XP level 2. HP: 10/13 MP: 4/6
   375 | D:1      | Learned a level 2 spell: Ensorcelled Hibernation
   663 | D:2      | Reached skill level 5 in Stealth
   664 | D:2      | Found a shadowy altar of Dithmenos.
  1491 | D:2      | Reached XP level 3. HP: 16/16 MP: 8/8
  1496 | D:2      | Learned a level 3 spell: Confuse
  1538 | D:2      | Noticed Robin
  1921 | D:2      | Reached skill level 1 in Fighting
  1921 | D:2      | Reached XP level 4. HP: 12/22 MP: 9/9
  2219 | D:2      | Killed Robin
  2225 | D:2      | Learned a level 3 spell: Dazzling Spray
  2374 | D:2      | Noticed Terence
  2378 | D:2      | Killed Terence
  2453 | D:2      | Found a shadowy altar of Dithmenos.
  2596 | D:3      | Noticed Ijyb
  2663 | D:3      | Killed Ijyb
  2663 | D:3      | Reached skill level 6 in Stealth
  2663 | D:3      | Reached XP level 5. HP: 20/25 MP: 9/11
  2734 | D:3      | Noticed Grinder
  3439 | D:3      | Paralysed by Grinder for 2 turns
  3449 | D:3      | Killed Grinder
  3449 | D:3      | Reached skill level 7 in Stealth
  3449 | D:3      | Reached XP level 6. HP: 13/30 MP: 12/13
  3454 | D:3      | Learned a level 3 spell: Tukima's Dance
  3490 | D:3      | Noticed an ogre
  3525 | D:3      | Killed an ogre
  3525 | D:3      | Reached XP level 7. HP: 20/34 MP: 1/14
  3599 | D:3      | Noticed Sigmund
  3712 | D:3      | Killed Sigmund
  3712 | D:3      | Reached skill level 5 in Dodging
  3712 | D:3      | Reached skill level 8 in Stealth
  3758 | D:4      | Reached skill level 5 in Spellcasting
  3771 | D:4      | Noticed Edmund
  3779 | D:4      | Reached skill level 5 in Hexes
  3788 | D:4      | Killed Edmund
  3788 | D:4      | Reached skill level 1 in Ice Magic
  3947 | D:4      | Found a glowing silver altar of Zin.
  4129 | D:4      | Reached XP level 8. HP: 39/39 MP: 17/17
  4226 | D:5      | Entered Level 5 of the Dungeon
  4419 | D:5      | Reached skill level 9 in Stealth
  4661 | D:5      | Found a staircase to the Ecumenical Temple.
  4691 | Temple   | Entered the Ecumenical Temple
  5242 | D:6      | Reached skill level 1 in Shields
  5246 | D:6      | Reached skill level 10 in Stealth
  5531 | D:6      | Found an ancient bone altar of Kikubaaqudgha.
  5558 | D:6      | Found a blossoming altar of Fedhas.
  5558 | D:6      | Found a basalt altar of Yredelemnul.
  5558 | D:6      | Found a shattered altar of Ashenzari.
  5603 | D:6      | Became a worshipper of Ashenzari the Shackled
  5820 | D:6      | Noticed kaze's ghost (novice GrFi)
  5837 | D:6      | Killed kaze's ghost
  5837 | D:6      | Reached XP level 9. HP: 27/44 MP: 20/20
  5854 | D:6      | Reached skill level 11 in Stealth
  6105 | D:6      | Gained mutation: You are agile. (Dex +2) [potion of mutation]
  6105 | D:6      | Gained mutation: You tend to lose your temper in combat. [potion of mutation]
  6105 | D:6      | Gained mutation: You are weak. (Str -2) [potion of mutation]
  6106 | D:6      | Lost mutation: You are weak. (Str -2) [potion of mutation]
  6106 | D:6      | Gained mutation: You are somewhat resistant to further mutation. [potion of mutation]
  6107 | D:6      | Lost mutation: You tend to lose your temper in combat. [potion of mutation]
  6107 | D:6      | Gained mutation: You are very agile. (Dex +4) [potion of mutation]
  6372 | D:7      | Identified the cursed +1 great sword "Giantslayer" {antimagic, Int+4}
  6486 | D:7      | Found Exeheif's Antique Weapon Shoppe.
  6755 | D:7      | Found a white marble altar of Elyvilon.
  6965 | D:8      | Found a radiant altar of Vehumet.
  6975 | D:8      | Learned a level 3 spell: Regeneration
  7049 | D:8      | Learned a level 2 spell: Repel Missiles
  7054 | D:8      | Learned a level 3 spell: Mephitic Cloud
  7058 | D:8      | Learned a level 2 spell: Blink
  7093 | D:8      | Found a glowing golden altar of the Shining One.
  7122 | D:8      | Reached * piety under Ashenzari
  7153 | D:8      | Found a deep blue altar of Sif Muna.
  7230 | D:8      | Found a blossoming altar of Fedhas.
  7269 | D:8      | Reached skill level 12 in Stealth
  7855 | D:8      | Reached skill level 1 in Conjurations
  8163 | D:9      | Reached XP level 10. HP: 43/49 MP: 15/23
  8318 | D:9      | Found a snail-covered altar of Cheibriados.
  8441 | D:9      | Found a sparkling altar of Nemelex Xobeh.
  8543 | D:9      | Learned a level 3 spell: Conjure Flame
  8548 | D:9      | Reached ** piety under Ashenzari
  8766 | D:10     | Entered Level 10 of the Dungeon
  8772 | D:10     | Noticed Grum
  8799 | D:10     | Reached skill level 5 in Short Blades
  8807 | D:10     | Killed Grum
  9120 | D:10     | Found a burning altar of Makhleb.
  9120 | D:10     | Noticed a cacodemon
  9756 | D:11     | Noticed Sonja
  9827 | D:10     | Reached skill level 13 in Stealth
 10021 | D:11     | Noticed a white ugly thing
 10027 | D:11     | HP: 1/49 [white ugly thing (15)]
 10107 | D:10     | Killed a white ugly thing
 10263 | D:11     | Killed Sonja
 10290 | D:11     | Noticed a sphinx
 10302 | D:11     | Noticed an eight-headed hydra
 10315 | D:11     | Found a staircase to the Lair.
 10315 | D:11     | Noticed an elephant
 10430 | D:11     | Noticed Josephine
 10537 | D:11     | Reached XP level 11. HP: 54/54 MP: 12/25
 10874 | D:11     | Killed an elephant
 10908 | D:11     | Learned a level 4 spell: Force Lance
 10929 | D:11     | Killed Josephine
 10929 | D:11     | Reached skill level 10 in Spellcasting
 11595 | D:11     | Reached *** piety under Ashenzari
 11700 | D:11     | Reached skill level 14 in Stealth
 11721 | D:11     | Found a staircase to the Orcish Mines.
 12269 | Lair:1   | Entered Level 1 of the Lair of Beasts
 12593 | Lair:1   | Reached skill level 5 in Fighting
 13487 | Lair:1   | Reached XP level 12. HP: 60/60 MP: 19/27
 13498 | Lair:1   | Reached skill level 1 in Air Magic
 13661 | Lair:1   | Noticed a seven-headed hydra
 13672 | Lair:1   | Killed a seven-headed hydra
 13672 | Lair:1   | Reached skill level 15 in Stealth
 13841 | Lair:2   | Noticed a six-headed hydra
 13848 | Lair:2   | Killed a six-headed hydra
 13848 | Lair:2   | Reached skill level 10 in Hexes
 13895 | Lair:2   | Learned a level 4 spell: Animate Dead
 14009 | Lair:2   | Reached skill level 1 in Translocations
 14241 | Lair:2   | Reached **** piety under Ashenzari
 14526 | Lair:3   | Reached skill level 1 in Necromancy
 15513 | Lair:3   | Reached skill level 16 in Stealth
 15777 | Lair:4   | Found a staircase to the Shoals.
 15949 | Lair:4   | Found a hole to the Spider Nest.
 16120 | Lair:4   | Reached skill level 10 in Dodging
 16637 | Lair:5   | Reached XP level 13. HP: 65/65 MP: 29/29
 17010 | Lair:5   | Noticed Nessos
 17017 | Lair:5   | Killed Nessos
 17021 | Lair:5   | Reached ***** piety under Ashenzari
 17872 | Lair:6   | Found a labyrinth entrance.
 17893 | Lab      | Entered a labyrinth
 18985 | Lab      | Identified the +10 hand crossbow of the Equator {velocity, Str+3 Dex+4} (You took it off a minotaur in a labyrinth)
 19003 | Lab      | Identified a +4 rod of shadows (11/11) (You found it in a labyrinth)
 19003 | Lab      | Identified a cursed +0 rod of shadows (14/14) (You found it in a labyrinth)
 19044 | Lair:6   | Reached skill level 17 in Stealth
 19326 | Lair:6   | Reached skill level 1 in Poison Magic
 20289 | Lair:7   | Reached skill level 5 in Shields
 20612 | Lair:7   | Found a staircase to the Slime Pits.
 20613 | Lair:7   | Found a viscous altar of Jiyva.
 21435 | Lair:8   | Entered Level 8 of the Lair of Beasts
 21438 | Lair:8   | Reached skill level 18 in Stealth
 21495 | Lair:8   | Reached XP level 14. HP: 70/70 MP: 31/31
 21504 | Lair:8   | Learned a level 5 spell: Warp Weapon
 21621 | Lair:8   | Noticed a dire elephant
 21626 | Lair:8   | Killed a dire elephant
 22205 | Lair:8   | Noticed Rupert
 22212 | Lair:8   | Killed Rupert
 22336 | Lair:8   | Reached ****** piety under Ashenzari
 22379 | Lair:8   | Found a burning altar of Makhleb.
 22717 | Lair:8   | Found a gateway to Hell.
 23089 | D:11     | Killed an eight-headed hydra
 23115 | Orc:1    | Entered Level 1 of the Orcish Mines
 23179 | Orc:1    | Reached skill level 19 in Stealth
 23380 | Orc:1    | Noticed Maurice
 23389 | Orc:1    | Killed Maurice
 24737 | Orc:2    | Found a roughly hewn altar of Beogh.
 24922 | Orc:3    | Noticed Erolcha
 24926 | Orc:3    | Killed Erolcha
 25371 | Orc:3    | Noticed Maud
 25386 | Orc:3    | Killed Maud
 25455 | Orc:3    | Found a bloodstained altar of Trog.
 25632 | Orc:4    | Entered Level 4 of the Orcish Mines
 25698 | Orc:4    | Found Zigenah's Magic Scroll Shop.
 25830 | Orc:4    | Found a staircase to the Elven Halls.
 26098 | Orc:4    | Found Voynog's Food Emporium.
 26098 | Orc:4    | Found Paafol's Magic Scroll Boutique.
 26131 | Orc:4    | Found Suxabuz's Food Shop.
 26131 | Orc:4    | Found Zuuqa's Book Emporium.
 26464 | Orc:4    | Reached XP level 15. HP: 64/75 MP: 9/33
 26584 | Orc:4    | Bought a scroll of identify for 36 gold pieces
 26584 | Orc:4    | Bought a scroll of remove curse for 54 gold pieces
 26584 | Orc:4    | Bought a scroll of remove curse for 54 gold pieces
 26584 | Orc:4    | Bought a scroll of teleportation for 54 gold pieces
 26584 | Orc:4    | Bought a scroll of remove curse for 54 gold pieces
 26584 | Orc:4    | Bought a scroll of amnesia for 63 gold pieces
 26584 | Orc:4    | Bought a scroll of teleportation for 54 gold pieces
 26597 | Orc:4    | Bought a book of Burglary for 1200 gold pieces
 26607 | Orc:4    | Learned a level 6 spell: Invisibility
 27112 | D:12     | Noticed Snorg
 27119 | D:12     | Killed Snorg
 28650 | D:14     | Noticed Donald
 28680 | D:14     | Killed Donald
 28680 | D:14     | Reached skill level 5 in Necromancy
 28705 | D:14     | Reached skill level 20 in Stealth
 28723 | D:14     | Found a gate to the Vaults.
 29030 | D:14     | Found a white marble altar of Elyvilon.
 29176 | D:14     | Identified the +4 leather armour of Misanthropy {Slay+5}
 29627 | D:15     | Entered Level 15 of the Dungeon
 29694 | D:15     | Found a runed door.
 29767 | D:15     | Identified the Guide on Blistering Combat Magic (You found it on level 15 of the Dungeon)
 29800 | D:15     | Learned a level 5 spell: Silence
 29984 | D:15     | Noticed Roxanne
 30130 | D:15     | Noticed Louise
 30137 | D:15     | Killed Louise
 30227 | D:15     | Reached skill level 21 in Stealth
 30797 | D:15     | Reached XP level 16. HP: 81/81 MP: 33/35
 30800 | D:15     | Found a staircase to the Depths.
 32713 | Shoals:1 | Entered Level 1 of the Shoals
 32713 | Shoals:1 | Identified the +4 quarterstaff "Ewanauke" {freeze, SInv}
 34097 | Shoals:2 | Killed from afar by a water nymph

Action                   |  1- 3 |  4- 6 |  7- 9 | 10-12 | 13-15 | 16-18 || total
-------------------------+-------+-------+-------+-------+-------+-------++-------
Melee: Dagger            |    76 |   128 |   206 |   705 |   977 |   137 ||  2229
 Cast: Corona            |     4 |       |     6 |    22 |     5 |     3 ||    40
       Ensorcelled Hiber |    23 |    36 |    48 |   190 |   199 |    35 ||   531
       Confuse           |     5 |     4 |    28 |    62 |    83 |    10 ||   192
       Dazzling Spray    |       |     7 |    34 |    44 |   127 |    18 ||   230
       Mephitic Cloud    |       |       |     2 |    38 |    76 |     2 ||   118
       Repel Missiles    |       |       |     1 |     3 |     1 |       ||     5
       Conjure Flame     |       |       |       |    22 |    13 |     2 ||    37
       Tukima's Dance    |       |       |       |     1 |       |       ||     1
       Force Lance       |       |       |       |     6 |     3 |       ||     9
       Blink             |       |       |       |     1 |     3 |       ||     4
       Animate Dead      |       |       |       |       |     5 |       ||     5
       Invisibility      |       |       |       |       |     4 |       ||     4
Invok: Scrying           |       |       |       |     1 |     7 |     5 ||    13
 Abil: Evoke Flight      |       |       |       |       |       |     2 ||     2
Evoke: Wand              |       |       |     1 |     1 |     2 |     2 ||     6
  Use: Scroll            |       |     3 |    16 |    10 |    16 |     2 ||    47
       Potion            |       |       |     9 |     7 |     3 |     1 ||    20
 Stab: Sleeping          |    19 |    24 |    51 |   130 |   220 |    43 ||   487
       Confused          |     1 |     2 |    22 |    62 |   118 |     4 ||   209
       Distracted        |     1 |     2 |       |     4 |     3 |     2 ||    12
       Invisible         |       |     5 |    15 |    12 |    83 |     8 ||   123
       Paralysed         |       |       |     1 |       |       |       ||     1
  Eat: Bread ration      |       |     1 |     1 |       |       |       ||     2
       Fruit             |       |       |       |    10 |     7 |     5 ||    22
       Pizza             |       |       |       |     1 |     1 |       ||     2
       Royal jelly       |       |       |       |       |     1 |       ||     1
